 Dungeon Sprint DCSS version 0.27-a0-1287-gca74d27db6 (webtiles) character file.

Game seed: 14527741728858288629

5664 mhtbhm the Eclecticist (level 10, -7/44 HPs)
             Began as a Spriggan Earth Elementalist on June 14, 2021.
             Was a High Priest of Vehumet.
             Mangled by a catoblepas (19 damage)
             ... in the Dungeon (Sprint IX: "|||||||||||||||||||||||||||||").
             The game lasted 00:06:16 (3138 turns).

mhtbhm the Eclecticist (SpEE)                       Turns: 3138, Time: 00:06:17

Health: -7/44      AC:  8    Str:  4    XL:     10   Next: 47%
Magic:  11/33      EV: 11    Int: 19    God:    Vehumet [*****.]
Gold:   0          SH:  0    Dex: 17    Spells: 31/46 levels left

rFire    . . .     SeeInvis +   l - +4 quarterstaff (spect)
rCold    . . .     Faith    .   (shield currently unavailable)
rNeg     . . .     Spirit   .   b - +0 acid dragon scales
rPois    .         Reflect  .   (helmet restricted)
rElec    .         Harm     .   (no cloak)
rCorr    +         Rampage  .   (gloves unavailable)
Will     +....     NoTele   +   (boots unavailable)
Stlth    +++.......             (no amulet)
HPRegen  0.14/turn              m - +2 ring of evasion
MPRegen  0.23/turn              n - +2 ring of protection

@: petrifying, quick
A: very small, no large weapons, unfitting armour, see invisible, speed 3
a: Renounce Religion


You were in the Dungeon.
You worshipped Vehumet.
Vehumet was extremely pleased with you.
You visited 1 branch

Inventory:

Hand Weapons
 l - a +4 spectral quarterstaff (weapon)
Armour
 b - +0 acid dragon scales (worn)
Jewellery
 m - a +2 ring of evasion (left hand)
 n - a +2 ring of protection (right hand)
Scrolls
 c - a scroll of identify
 i - 4 scrolls of blinking
 j - 2 scrolls of amnesia
 o - 2 scrolls of enchant armour
 p - 4 scrolls of enchant weapon
Potions
 a - a potion of invisibility
 d - 5 potions of curing
 e - 10 potions of heal wounds
 f - a potion of haste
 g - 2 potions of magic
 h - 2 potions of berserk rage


   Skills:
 + Level 2.4 Armour
 + Level 7.2 Dodging
 - Level 4.7 Stealth
 + Level 18.5 Spellcasting
 + Level 1.0 Conjurations
 + Level 4.0 Transmutations
 + Level 15.2 Earth Magic
 + Level 4.4 Evocations


You had 31 spell levels left.
You knew the following spells:

 Your Spells              Type           Power      Damage    Failure   Level
a - Sandblast             Erth           100%       2d20      0%          1
b - Passwall              Tmut/Erth      43%        N/A       1%          2
c - Stone Arrow           Conj/Erth      96%        3d13      1%          3
d - Lee's Rapid Deconstr  Erth           33%        3d18*     1%          5
e - Petrify               Tmut/Erth      52%        N/A       1%          4

Your spell library contained the following spells:

 Spells                   Type           Power      Damage    Failure   Level
 Iskenderun's Battlesphe  Conj           21%        2d7       32%         5


Dungeon Overview and Level Annotations

Branches:
Dungeon (1/1)

Altars:
Cheibriados
Dithmenos
Elyvilon
Fedhas
Gozag
Hepliaklqana
Kikubaaqudgha
Makhleb
Nemelex Xobeh
Okawaru
Qazlal
Ru
Sif Muna
Trog
Uskayaw
Vehumet
Wu Jian
Xom
Yredelemnul
Zin
The Shining One
Beogh
Jiyva
Lugonu


Innate Abilities, Weirdness & Mutations

You are very small and have problems with some larger weapons.
You are too small for most types of armour.
You have supernaturally acute eyesight. (SInv)
You cover ground extremely quickly. (Speed+++)


Message History

You turn to flesh and can move again.
Unknown command.
Unknown command.
Unknown command.
Casting: Lee's Rapid Deconstruction (safe; 1% risk of failure)
Confirm with . or Enter, or press ? or * to list all spells.
Aiming: Lee's Rapid Deconstruction (safe; 1% risk of failure)
Press: ? - help, Dir - move target, p - catoblepas An open door.
The stone door frame shatters!
The blast of rock fragments hits the catoblepas.
The catoblepas is heavily wounded.
The catoblepas gores you!
Unknown command.
Casting: Lee's Rapid Deconstruction (safe; 1% risk of failure)
Confirm with . or Enter, or press ? or * to list all spells.
Aiming: Lee's Rapid Deconstruction (safe; 1% risk of failure)
Press: ? - help, Dir - move target An open door.
The stone door frame shatters!
The blast of rock fragments hits the catoblepas!
The catoblepas is heavily wounded.
The catoblepas breathes a plume of calcifying dust at you.
The blast of calcifying dust hits you!
* * * LOW HITPOINT WARNING * * *
Unknown command.
Unknown command.
Unknown command.
Casting: Lee's Rapid Deconstruction (safe; 1% risk of failure)
Confirm with . or Enter, or press ? or * to list all spells.
Aiming: Lee's Rapid Deconstruction (safe; 1% risk of failure)
Press: ? - help, Dir - move target An open door.
The stone door frame shatters!
The blast of rock fragments hits the catoblepas!!
The catoblepas is almost dead.
You are engulfed in calcifying dust.
You are slowing down.
The catoblepas gores you!!
You die...

▓.▓.▓
▓.▓.▓
▓.▓.▓
▓.▓.▓
▓Y▓.▓
▓.▓)▓
▓.▓)▓
▓Y▓Y▓
▓.▓@▓
▓.▓§▓
▓.▓§▓
▓.▓.▓
▓.▓)▓
▓.▓'▓
▓.▓.▓
▓.▓.▓
▓.▓[▓


You could see a catoblepas.

Vanquished Creatures
  A hydra (D)
  A boulder beetle (D)
  A two-headed ogre (D)
  2 cyclopes (D)
  A black mamba (D)
  A cane toad (D)
  A rime drake (D)
  A wyvern (D)
  2 yaks (D)
  5 water moccasins (D)
  An acid dragon (D)
  2 orc warriors (D)
  A sky beast (D)
  A black bear (D)
  4 centaurs (D)
  4 bullfrogs (D)
  2 hounds (D)
  An orc wizard (D)
  A gnoll (D)
  A dart slug (D)
  2 giant cockroaches (D)
  2 goblins (D)
38 creatures vanquished.

Notes
Turn   | Place    | Note
-------+----------+-------------------------------------------
     0 | D        | mhtbhm the Spriggan Earth Elementalist began the quest for
                  | the Orb.
     0 | D        | Reached XP level 1. HP: 9/9 MP: 5/5
    18 | D        | Reached skill level 3 in Spellcasting
    30 | D        | Reached XP level 2. HP: 6/13 MP: 0/7
   190 | D        | Learned a level 2 spell: Passwall
   193 | D        | Noticed a black bear
   193 | D        | Noticed a sky beast
   208 | D        | Killed a sky beast
   209 | D        | Reached skill level 5 in Dodging
   209 | D        | Reached skill level 6 in Spellcasting
   209 | D        | Reached XP level 3. HP: 5/16 MP: 6/11
   209 | D        | Reached XP level 4. HP: 7/21 MP: 7/13
   213 | D        | Reached skill level 7 in Spellcasting
   213 | D        | Reached XP level 5. HP: 21/24 MP: 4/15
   394 | D        | Killed a black bear
   395 | D        | Reached skill level 8 in Spellcasting
   409 | D        | Found a snail-covered altar of Cheibriados.
   409 | D        | Found a shadowy altar of Dithmenos.
   409 | D        | Found a white marble altar of Elyvilon.
   409 | D        | Found a blossoming altar of Fedhas.
   409 | D        | Found an opulent altar of Gozag.
   410 | D        | Found a hazy altar of Hepliaklqana.
   411 | D        | Found a viscous altar of Jiyva.
   412 | D        | Found an ancient bone altar of Kikubaaqudgha.
   413 | D        | Found a corrupted altar of Lugonu.
   414 | D        | Found a burning altar of Makhleb.
   415 | D        | Found a sparkling altar of Nemelex Xobeh.
   416 | D        | Found an iron altar of Okawaru.
   417 | D        | Found a stormy altar of Qazlal.
   418 | D        | Found a sacrificial altar of Ru.
   419 | D        | Found a shimmering blue altar of Sif Muna.
   420 | D        | Found a bloodstained altar of Trog.
   421 | D        | Found a hide-covered altar of Uskayaw.
   422 | D        | Found a radiant altar of Vehumet.
   423 | D        | Found an ornate altar of the Wu Jian Council.
   424 | D        | Found a shimmering altar of Xom.
   425 | D        | Found a basalt altar of Yredelemnul.
   426 | D        | Found a glowing silver altar of Zin.
   427 | D        | Found a glowing golden altar of the Shining One.
   430 | D        | Became a worshipper of Vehumet
   444 | D        | Got the +2 scimitar of Qotyoch {antimagic, +Rage rC++
                  | Int+3}
   460 | D        | Noticed an acid dragon
   460 | D        | Noticed a centaur
   460 | D        | Noticed an orc warrior
   460 | D        | Noticed an orc warrior
   460 | D        | Noticed a centaur
   462 | D        | Killed a centaur
   463 | D        | Reached skill level 9 in Spellcasting
   463 | D        | Reached XP level 6. HP: 28/28 MP: 15/19
   475 | D        | Killed an orc warrior
   476 | D        | Reached skill level 10 in Spellcasting
   522 | D        | Learned a level 3 spell: Stone Arrow
   528 | D        | Learned a level 5 spell: Lee's Rapid Deconstruction
   533 | D        | Learned a level 4 spell: Petrify
   541 | D        | Reached * piety under Vehumet
   541 | D        | Offered knowledge of Freeze by Vehumet.
   542 | D        | Reached skill level 10 in Earth Magic
   551 | D        | Killed an orc warrior
   552 | D        | Reached skill level 11 in Spellcasting
   552 | D        | Reached XP level 7. HP: 20/32 MP: 1/22
   556 | D        | Reached skill level 1 in Evocations
   848 | D        | Reached ** piety under Vehumet
   848 | D        | Offered knowledge of Foxfire by Vehumet.
   849 | D        | Reached skill level 12 in Spellcasting
  1193 | D        | Noticed a boulder beetle
  1193 | D        | Noticed a cyclops
  1193 | D        | Noticed a two-headed ogre
  1193 | D        | Noticed a cyclops
  1203 | D        | Killed a cyclops
  1203 | D        | Offered knowledge of Dazzling Flash by Vehumet.
  1204 | D        | Reached skill level 13 in Spellcasting
  1204 | D        | Reached XP level 8. HP: 17/36 MP: 4/26
  1372 | D        | Killed a two-headed ogre
  1372 | D        | Reached *** piety under Vehumet
  1373 | D        | Reached skill level 15 in Spellcasting
  1381 | D        | Killed a cyclops
  1382 | D        | Reached XP level 9. HP: 31/39 MP: 0/29
  1675 | D        | Killed a boulder beetle
  1675 | D        | Offered knowledge of Conjure Flame by Vehumet.
  1676 | D        | Reached skill level 16 in Spellcasting
  2162 | D        | Noticed a black mamba
  2164 | D        | Killed a black mamba
  2165 | D        | Reached skill level 1 in Armour
  2165 | D        | Reached **** piety under Vehumet
  2165 | D        | Offered knowledge of Ignite Poison by Vehumet.
  2166 | D        | Reached skill level 17 in Spellcasting
  2170 | D        | Noticed a six-headed hydra
  2310 | D        | Killed a six-headed hydra
  2310 | D        | Reached ***** piety under Vehumet
  2310 | D        | Offered knowledge of Iskenderun's Battlesphere by Vehumet.
  2311 | D        | Reached XP level 10. HP: 44/44 MP: 17/32
  2564 | D        | Reached skill level 18 in Spellcasting
  2800 | D        | Noticed a cane toad
  2805 | D        | Killed a cane toad
  2805 | D        | Noticed a catoblepas
  2806 | D        | Reached skill level 15 in Earth Magic
  2808 | D        | Reached skill level 1 in Conjurations
  3138 | D        | Mangled by a catoblepas

Illustrated notes

Levels and vault maps discovered:
D:        linesprint [early_d, line_temple, items_1, d_10, items_2, lair_1,
          lair_end, items_3, orc_1, orc_end, items_4, d_15, swamp_1, shoals_1,
          snake_1, spider_1, d_20, vaults_1, items_5, swamp_end, shoals_end,
          snake_end, spider_end, vaults_end, d_27, items_6, zot_1, zot_end,
          crypt_end, forest_end, elf_end, slime_end, tomb_end, abyss_end,
          pan_hell_end]

Skill      XL: |  1  2  3  4  5  6  7  8  9 10 |
---------------+-------------------------------+-----
Dodging        | 3 5 6 7 |  7.2
Earth Magic    | 3 6 7 9 10 11 13 14 15 | 15.2
Stealth        | 4 |  4.7
Spellcasting   | 3 6 7 9 11 13 15 17 18 | 18.5
Evocations     | 1 2 4 |  4.4
Transmutations | 3 4 |  4.0
Armour         | 1 2 |  2.4
Conjurations   | 1 |  1.0

Action                   |  1- 3 |  4- 6 |  7- 9 | 10-12 || total
-------------------------+-------+-------+-------+-------++-------
Melee: Unarmed           |     1 |       |       |       ||     1
 Cast: Sandblast         |    16 |    14 |       |       ||    30
       Lee's Rapid Decon |       |     3 |    27 |    18 ||    48
       Stone Arrow       |       |     2 |     2 |       ||     4
       Petrify           |       |       |     4 |     2 ||     6
Evoke: Wand              |       |     1 |     8 |     1 ||    10
  Use: Potion            |     1 |     1 |     1 |       ||     3
Armor: Robe              |     2 |       |       |       ||     2
       Acid dragon scale |       |       |     2 |     3 ||     5
Dodge: Dodged            |    15 |     7 |     4 |     4 ||    30

Table legend: (Time is in decaauts)
 A = Elapsed time spent in this place.
 B = Non-inter-level travel time spent in this place.
 C = Inter-level travel time spent in this place.
 D = Time resting spent in this place.
 E = Time spent auto-exploring this place.
 F = Levels seen in this place.
 G = Mean time per level.
                   A        B        C        D        E       F      G
               +--------+--------+--------+--------+--------+-----+--------+
         Total |   2893 |   2893 |      0 |   2307 |    144 |   1 | 2893.0 |
       Dungeon |   2893 |   2893 |      0 |   2307 |    144 |   1 | 2893.0 |
               +--------+--------+--------+--------+--------+-----+--------+

Top non-repeatable levels by time:
       D: 2893 daAuts
